 Dungeon Crawl Stone Soup version 0.28.0-45-g0d030f2227 (webtiles) character file.

Game seed: 11600586198933378904

79132 MalarOregon the Cleaver (level 15, -6/112 (128) HPs)
             Began as a Palentonga Fighter on Apr 23, 2022.
             Was the Champion of Qazlal.
             Mangled by a frost giant
             ... wielding the +10 scythe of Greatest Utility {drain, rC+}
              (11 damage)
             ... on level 12 of the Dungeon.
             The game lasted 01:11:29 (25837 turns).

MalarOregon the Cleaver (Palentonga Fighter)       Turns: 25837, Time: 01:11:29

HP:   -6/112 (128)  AC: 57    Str: 25    XL:     15   Next: 20%
MP:   0/26          EV:  3    Int: 14    God:    Qazlal [******]
Gold: 1575          SH: 27    Dex: 13    Spells: 28/28 levels left

rFire   . . .      SeeInvis +   a - +4 broad axe (freeze)
rCold   + . .      Faith    .   M - +3 tower shield {rC+}
rNeg    . . .      Spirit   +   X - +13 plate armour of Good Intentions {rF- Will+ rCorr Int+5}
rPois   .          Reflect  .   Z - +2 hood of the Assassin {Detection Stab+ Stlth++}
rElec   +          Harm     .   u - +0 cloak of Untruth {Will+ Regen+ Slay+3}
rCorr   +          Rampage  +   Y - +1 pair of gloves "Luexitz" {-Cast Rampage Dex+2 SInv}
Will    +++..      NoCast   +   y - +6 lightning scales {swift, rElec}
Stlth   ..........              Q - amulet of guardian spirit
HPRegen 1.08/turn               A - +4 ring of protection
MPRegen 0.20/turn               i - ring of protection from fire

@: protected from physical damage, studying Axes, heavily drained, repel
missiles, curled up, quick
A: large, rugged brown scales 3, see invisible, deformed body, roll 1, armoured
tail, reflexive curl
a: Rolling Charge, Renounce Religion, Upheaval, Elemental Force, Disaster Area


You were on level 12 of the Dungeon.
You worshipped Qazlal.
Qazlal was exalted by your worship.
You visited 3 branches of the dungeon, and saw 19 of its levels.
You also visited: Trove, Gauntlet and Ice Cave.

You collected 1575 gold pieces.


Innate Abilities, Weirdness & Mutations

You are completely covered in rugged brown scales. (AC +3, +7% HP)
You have supernaturally acute eyesight. (SInv)
Armour fits poorly on your strangely shaped body.
You can roll at nearby foes to attack.
You have a long armoured tail.
You curl defensively after being hit. (AC +7*)


   Skills:
 * Level 11.8 Fighting
 * Level 13.8 Axes
 * Level 10.0 Armour
 + Level 6.5 Dodging
 * Level 9.9 Shields
 + Level 7.4 Spellcasting
 + Level 6.1 Invocations
 * Level 9.6 Evocations


You had 28 spell levels left.
You didn't know any spells.
Your spell library contained the following spells:

 Spells                   Type           Power      Damage    Failure   Level
 Beastly Appendage        Tmut           10%        N/A       99%         1
 Magic Dart               Conj           20%        1d4       99%         1
 Sandblast                Erth           10%        2d5       99%         1
 Call Imp                 Summ           5%         N/A       100%        2
 Ensorcelled Hibernation  Hex/Ice        10%        N/A       100%        2
 Passwall                 Tmut/Erth      4%         N/A       100%        2
 Scorch                   Fire           10%        2d5       100%        2
 Wereblood                Tmut           5%         N/A       100%        2
 Conjure Flame            Conj/Fire      5%         6-21      100%        3
 Dazzling Flash           Conj/Hex       10%        N/A       100%        3
 Ignite Poison            Fire/Tmut/Pois 5%         N/A       100%        3
 Mephitic Cloud           Conj/Pois/Air  5%         N/A       100%        3
 Ozocubu's Armour         Ice            5%         N/A       100%        3
 Spider Form              Tmut/Pois      5%         N/A       100%        3
 Stone Arrow              Conj/Erth      10%        3d7       100%        3
 Swiftness                Air            5%         N/A       100%        3
 Tukima's Dance           Hex            5%         N/A       100%        3
 Anguish                  Hex/Necr       2%         N/A       100%        4
 Animate Dead             Necr           2%         N/A       100%        4
 Iskenderun's Mystic Bla  Conj/Tloc      5%         2d3       100%        4
 Passage of Golubria      Tloc           5%         N/A       100%        4
 Sticky Flame             Conj/Fire      5%         2d3       100%        4
 Fireball                 Conj/Fire      2%         3d4       100%        5
 Silence                  Hex/Air        2%         N/A       100%        5
 Starburst                Conj/Fire      2%         6d3       100%        6
 Enfeeble                 Hex            2%         N/A       100%        7
 Haunt                    Necr/Summ      2%         N/A       100%        7
 Ozocubu's Refrigeration  Ice            2%         4d5       100%        7
 Ignition                 Fire           2%         3d3       100%        8
 Infestation              Necr           2%         N/A       100%        8
 Lehudib's Crystal Spear  Conj/Erth      2%         10d2      100%        8

Inventory:

Hand Weapons
 a - a +4 broad axe of freezing (weapon)
   (You found it in an ice cave)
 b - a +3 whip of freezing
   (You took it off a kobold on level 9 of the Dungeon)
 c - a +2 whip of venom
   (You took it off an orc on level 10 of the Dungeon)
Missiles
 C - a throwing net (quivered) {!f}
 S - 2 curare-tipped darts {!f}
Armour
 u - the +0 cloak of Untruth (worn) {Will+ Regen+ Slay+3}
   (You found it in a Gauntlet)

   Slay:      It affects your accuracy & damage with ranged weapons and melee
   (+3).
   Regen:     It increases your rate of health regeneration.
   Will:      It increases your willpower.
 y - the +6 lightning scales (worn) {swift, rElec}
   (You found it in a treasure trove)

   It allows the wearer to cover ground more swiftly.
   rElec:     It insulates you from electricity.
 K - the +1 chain mail of Pathos {rN+++ Str+3 Dex-2 Stlth+}
   (You took it off an orc warrior on level 12 of the Dungeon)

   Str:       It affects your strength (+3).
   Dex:       It affects your dexterity (-2).
   rN:        It renders you almost immune to negative energy.
   Stlth:     It makes you more stealthy.
 M - a +3 tower shield of cold resistance (worn)
   (You found it in a treasure trove)
 X - the +13 plate armour of Good Intentions (worn) {rF- Will+ rCorr Int+5}
   (You found it in a treasure trove)

   Int:       It affects your intelligence (+5).
   rF:        It makes you vulnerable to fire.
   rCorr:     It protects you from acid and corrosion.
   Will:      It increases your willpower.
 Y - the +1 pair of gloves "Luexitz" (worn) {-Cast Rampage Dex+2 SInv}
   (You found it in a treasure trove)

   Dex:       It affects your dexterity (+2).
   SInv:      It lets you see invisible.
   -Cast:     It prevents spellcasting.
   Rampage:   It bestows one free step when moving towards enemies.
 Z - the +2 hood of the Assassin (worn) {Detection Stab+ Stlth++}
   (You found it in a treasure trove)

   It allows the wearer to sense nearby creatures.
   It allows the wearer to make particularly effective stabbing attacks against
   helpless or unaware enemies with any weapon.
   Stlth:     It makes you much more stealthy.
Jewellery
 e - a ring of protection from cold
   (You found it on level 11 of the Dungeon)
 h - an amulet of the acrobat
   (You found it on level 5 of the Lair of Beasts)
 i - a ring of protection from fire (right hand)
   (You found it on level 2 of the Dungeon)
 o - a ring of protection from cold
   (You found it on level 2 of the Dungeon)
 A - a +4 ring of protection (left hand)
   (You found it on level 4 of the Dungeon)
 B - a ring of flight
   (You found it in an ice cave)
 Q - an amulet of guardian spirit (around neck)
   (You took it off an orc wizard on level 10 of the Dungeon)
Wands
 d - a wand of iceblast (6)
   (You found it on level 12 of the Dungeon)
 t - a wand of flame (43)
   (You found it on level 11 of the Dungeon)
 v - a wand of digging (11)
   (You found it on level 5 of the Dungeon)
 x - a wand of acid (28)
   (You found it on level 7 of the Dungeon)
 I - a wand of charming (14)
   (You found it on level 5 of the Dungeon)
Scrolls
 f - 4 scrolls of teleportation {@r4}
 g - a scroll of vulnerability {!r}
 j - a scroll of noise {unknown}
 l - a scroll of fog
 m - a scroll of holy word {unknown}
 r - 4 scrolls of blinking
 E - a scroll of silence {unknown}
 H - 2 scrolls of immolation {!r}
 O - a scroll of enchant armour
 R - 4 scrolls of fear
Potions
 k - a potion of invisibility {unknown}
 n - 2 potions of lignification {!q}
 p - 4 potions of flight
 s - 3 potions of brilliance
 z - a potion of resistance
 D - 5 potions of mutation {!q}
 F - 2 potions of might
 G - 4 potions of magic
 J - 8 potions of heal wounds {@q2}
 N - 7 potions of ambrosia
 P - 4 potions of curing {@q1}
Miscellaneous
 q - a box of beasts
   (You found it on level 6 of the Lair of Beasts)
 w - a phial of floods
   (You found it on level 6 of the Lair of Beasts)
 L - a condenser vane
   (You found it on level 6 of the Lair of Beasts)

Dungeon Overview and Level Annotations

Branches:
Dungeon (12/15)            Temple (1/1) D:6            Lair (6/6) D:11
  Swamp (0/4) Lair:2        Snake (0/4) Lair:3        Slime (0/5) Lair:5
    Orc (0/2) D:10          IceCv (visited)         Gauntlet (visited)

Altars:
Ashenzari
Cheibriados
Dithmenos
Elyvilon
Fedhas
Gozag
Hepliaklqana
Kikubaaqudgha
Makhleb
Nemelex Xobeh
Okawaru
Qazlal
Ru
Sif Muna
Trog
Uskayaw
Vehumet
Wu Jian
Xom
Yredelemnul
Zin
The Shining One
Beogh
Jiyva

.# .# #### .# ##:)###### .#
#}.|##...# )# #)..#.##.# .#
####'###.# .# ##..##.## .#
#.#..☼..# .# #.#C@)#.# .#
#.°.#...# .# ###.##..# .# #.
#.#.# .# #. #.# .# .# ####.# .#
.################..############
...........>..).(.............#
..............)...(..>.)......#


You could see a frost giant.


Message History

The frost giant hits you but does no damage.
You feel drained.
You slice the yaktaur captain!! You freeze the yaktaur captain.
You slash the deep troll earth mage! You freeze the deep troll earth mage.
You feel very sick.
The death drake is engulfed in freezing vapours.
The deep troll earth mage is engulfed in freezing vapours.
You block the deep troll earth mage's attack. x2
The deep troll earth mage claws you but does no damage.
You block the yaktaur captain's attack.
The frost giant hits you from afar with the +10 scythe of Greatest Utility {drain, rC+}!!
You feel drained.
You hit the deep troll earth mage but do no damage.
You slash the yaktaur captain! You freeze the yaktaur captain.
You feel very sick.
The deep troll earth mage is engulfed in freezing vapours.
You block the deep troll earth mage's attack. x3
The frost giant hits you from afar with the +10 scythe of Greatest Utility {drain, rC+}.
You feel more protected from physical attacks.
You feel drained.
The yaktaur captain is struck by lightning.
The yaktaur captain hits you but does no damage.
You are more poisoned.
You slice the yaktaur captain!! You freeze the yaktaur captain.
You hit the deep troll earth mage but do no damage.
You feel very sick.
The death drake changes into a glowing orange brain!
The deep troll earth mage is engulfed in freezing vapours.
You block the deep troll earth mage's attack.
The deep troll earth mage claws you but does no damage. x2
The yaktaur captain hits you but does no damage.
You are more poisoned.
The frost giant hits you but does no damage.
You feel drained.
You hit the yaktaur captain. You freeze the yaktaur captain.
You kill the yaktaur captain!
Qazlal accepts your kill.
You slice the deep troll earth mage!! You freeze the deep troll earth mage.
You kill the deep troll earth mage!
Qazlal accepts your kill.
You feel very sick. You block the frost giant's attack.
The glowing orange brain is struck by lightning.
You slice the glowing orange brain!! You freeze the glowing orange brain!
You kill the glowing orange brain!
Qazlal accepts your kill.
You feel very sick.
The frost giant hits you but does no damage.
You feel drained.
The frost giant hits you from afar with the +10 scythe of Greatest Utility {drain, rC+}.
* * * LOW HITPOINT WARNING * * *
You feel more protected from physical attacks.
You feel drained.
Roll where?
Press: ? - help, Dir - move target, f - frost giant
Aim: a frost giant, wielding the +10 scythe of Greatest Utility {drain, rC+} (lightly wounded)
You roll forward with a clatter of scales!
You barely miss the frost giant.
You feel very sick.
The frost giant hits you but does no damage.
You feel drained.
You slash the frost giant!
You feel sick.
The frost giant hits you but does no damage.
You feel drained.
You hit the frost giant.
You feel sick.
The frost giant points at you and mumbles some strange words.
The bolt of cold hits you! You resist.
Your resistance to physical damage fades away.
You feel protected from cold.
* * * LOW HITPOINT WARNING * * *
You slice the frost giant!!
You feel sick.
The frost giant points at you and mumbles some strange words.
The bolt of cold hits you. You resist.
You feel more protected from cold.
* * * LOW HITPOINT WARNING * * *
You slash the frost giant!
You feel sick. You block the frost giant's attack.
You slice the frost giant!!
You feel sick.
The frost giant points at you and mumbles some strange words.
The bolt of cold hits you! You resist.
* * * LOW HITPOINT WARNING * * *
You hit the frost giant. You tail-slap the frost giant!
You feel sick. You block the frost giant's attack.
You hit the frost giant but do no damage.
You tail-slap the frost giant.
You feel sick.
You are no longer poisoned.
You block the frost giant's attack.
The frost giant points at you and mumbles some strange words.
The bolt of cold hits you but does no damage.
You hit the frost giant. You block the frost giant's attack.
You hit the frost giant but do no damage.
You tail-slap the frost giant.
The frost giant hits you with the +10 scythe of Greatest Utility {drain, rC+}.
You feel drained.
You hit the frost giant. You tail-slap the frost giant.
The frost giant hits you with the +10 scythe of Greatest Utility {drain, rC+}!!
* * * LOW HITPOINT WARNING * * *
Your resistance to cold fades away.
You feel protected from physical attacks.
You feel drained.
You die...

Skill      XL: |  1  2  3  4  5  6  7  8  9 10 11 12 13 14 15 |
---------------+----------------------------------------------+-----
Armour         | 3 4 5 6 7 8 9 10 | 10.0
Spellcasting   | 1 2 3 4 5 6 7 |  7.4
Shields        | 3 4 5 6 7 8 9 |  9.9
Axes           | 3 4 5 6 7 8 10 12 13 | 13.8
Dodging        | 1 2 3 4 5 6 |  6.5
Fighting       | 4 5 6 7 8 9 10 11 | 11.8
Evocations     | 2 3 5 6 7 8 9 |  9.6
Invocations    | 1 3 4 5 6 |  6.1

Action                   |  1- 3 |  4- 6 |  7- 9 | 10-12 | 13-15 || total
-------------------------+-------+-------+-------+-------+-------++-------
Melee: War axe           |   120 |   151 |   406 |   755 |   131 ||  1563
       Tailslap          |     9 |    19 |    55 |   143 |   154 ||   380
       Whip              |       |       |       |    53 |    42 ||    95
       Hand axe          |       |       |       |     9 |       ||     9
       Broad axe         |       |       |       |       |   613 ||   613
Invok: Upheaval          |       |       |       |       |     4 ||     4
 Abil: Rolling Charge    |       |    10 |    15 |    24 |     7 ||    56
Evoke: Wand              |       |       |     2 |     6 |       ||     8
  Use: Potion            |       |     1 |     4 |     1 |       ||     6
       Scroll            |       |       |     5 |    17 |     9 ||    31
 Stab: Petrifying        |       |       |       |       |     2 ||     2
       Petrified         |       |       |       |       |     2 ||     2
Armor: Scale mail        |    69 |    94 |   237 |   214 |       ||   614
       Skin              |       |       |    13 |       |       ||    13
       Plate armour      |       |       |       |   647 |   550 ||  1197
Dodge: Dodged            |    43 |    79 |   187 |   129 |    67 ||   505
       Repelled          |       |       |       |       |     1 ||     1
Block: Buckler           |    21 |    30 |   106 |   109 |       ||   266
       Tower shield      |       |       |       |   616 |  1018 ||  1634

Levels and vault maps discovered:
D:1:      dpeg_arrival_tiny_a, layout_loops_corners, serial_forest,
          infiniplex_forest_zigzag_1, infiniplex_forest_end_1,
          infiniplex_forest_clump_C, infiniplex_forest_zigzag_2,
          infiniplex_forest_zigzag_1, infiniplex_forest_straight_4,
          infiniplex_forest_join, infiniplex_forest_clump_curved,
          chequers_serial_rivers_micro_b
D:2:      layout_basic, basic_ecumenical_altar, serial_bayou_pond_a
D:3:      layout_rooms
D:4:      minmay_spotlight, layout_layer_cave,
          mainiacjoe_overflow_surrounded_room, lemuel_crystal_altar,
          due_unseen_surprise, uniq_eustachio, uniq_edmund, uniq_blork_the_orc
D:5:      layout_rooms, minitemple, palyth_stone_intersect, minmay_ogre_servants
D:6:      layout_gridville, minmay_temple_entry_overgrown,
          chequers_ossuary_entry_cave, uniq_sigmund
D:7:      layout_loops_ring, overflow_temple_1_default, serial_undead,
          serial_undead_d, serial_undead_a, serial_undead_f, serial_undead_c,
          grunt_ogre_cave, uniq_menkaure
D:8:      layout_rooms
D:9:      layout_cave_pods
D:10:     minmay_flawed_box, layout_rooms, kiku_gazebo_pond_becter,
          minmay_orc_entry_temple_small, enter_trove_2, minmay_fractal_squares_5
D:11:     layout_basic, lair_entry_dummy
D:12:     minmay_gate_of_8, layout_cross, biasface_ghost_orc_armoury,
          uniq_jorgrun
Temple:   regret_index_temple_sphere_string
Lair:1:   wad_woods_structure_01, layout_gridlike, gauntlet_entry_generic,
          beast_lair_carwin_6
Lair:2:   layout_small_grid, swamp_mist
Lair:3:   layout_cellular_growth, guppyfry_snake_entry_garden,
          portal_ice_cave_rime, nicolae_lair_lil_pond, grunt_megastairs_2,
          lemuel_fruit_fields
Lair:4:   layout_roguey, infiniplex_staircase_pool, lemuel_fruit_fields
Lair:5:   regret_index_bee_streams, layout_layer_cave, slime_altar_1,
          worms_lemuel, lemuel_fruit_fields, grunt_megastairs_5, uniq_nessos
Lair:6:   gammafunk_lair_ancient_temple, layout_hall_layers,
          cheibrodos_lair_lostbears

Notes
Turn   | Place    | Note
-------+----------+-------------------------------------------
     0 | D:1      | MalarOregon the Palentonga Fighter began the quest for the
                  | Orb.
     0 | D:1      | Reached XP level 1. HP: 19/19 MP: 1/1
    29 | D:1      | Reached XP level 2. HP: 18/25 MP: 2/2
   587 | D:1      | Reached XP level 3. HP: 31/31 MP: 3/3
  1560 | D:2      | Found a faded altar of an unknown god.
  1774 | D:2      | Reached XP level 4. HP: 35/37 MP: 5/5
  2499 | D:3      | Reached skill level 3 in Armour
  2499 | D:3      | Reached skill level 1 in Spellcasting
  3035 | D:3      | Reached skill level 3 in Shields
  3271 | D:2      | Reached XP level 5. HP: 31/44 MP: 6/6
  3485 | D:3      | You add the spells Ozocubu's Armour and Ozocubu's
                  | Refrigeration to your library.
  3536 | D:4      | Noticed Eustachio
  3577 | D:4      | Noticed a black bear
  3682 | D:4      | Found a radiant altar of Vehumet.
  3740 | D:4      | Reached skill level 3 in Axes
  3740 | D:4      | Reached skill level 1 in Dodging
  3891 | D:4      | Reached skill level 4 in Fighting
  4077 | D:4      | Reached XP level 6. HP: 31/51 MP: 8/8
  4643 | D:5      | Entered Level 5 of the Dungeon
  4664 | D:5      | You pick up a book of Minor Magic and begin reading...
  4664 | D:5      | You add the spells Magic Dart, Call Imp and Mephitic Cloud
                  | to your library.
  5493 | D:4      | Killed Eustachio
  5494 | D:4      | Gained mutation: You curl defensively after being hit. (AC
                  | +7*) [Palentonga growth]
  5494 | D:4      | Reached XP level 7. HP: 45/58 MP: 9/9
  5571 | D:5      | Reached skill level 4 in Axes
  5571 | D:5      | Reached skill level 2 in Spellcasting
  5727 | D:4      | Found an ornate altar of the Wu Jian Council.
  5857 | D:4      | Noticed Edmund
  5857 | D:4      | Noticed Blork the orc
  5885 | D:4      | HP: 14/58 [Edmund/+0 flail of protection (1)]
  5900 | D:4      | HP: 9/58 [Edmund/+0 flail of protection (8)]
  5905 | D:4      | HP: 3/58 [Blork the orc/puff of frost (4)]
  6224 | D:4      | Reached skill level 4 in Armour
  6224 | D:4      | Reached skill level 4 in Shields
  6327 | D:4      | Killed Blork the orc
  6486 | D:4      | Killed Edmund
  6487 | D:4      | Reached skill level 5 in Fighting
  6487 | D:4      | Reached skill level 2 in Dodging
  6769 | D:4      | Reached XP level 8. HP: 56/66 MP: 11/11
  7210 | D:5      | Found a shadowy altar of Dithmenos.
  7220 | D:5      | Found a glowing golden altar of the Shining One.
  7393 | D:6      | Noticed Sigmund
  7398 | D:5      | Reached skill level 1 in Evocations
  7451 | D:5      | Reached skill level 5 in Axes
  7463 | D:5      | HP: 14/68 [sky beast (6)]
  7642 | D:6      | Reached skill level 3 in Spellcasting
  7642 | D:6      | Reached skill level 2 in Evocations
  7688 | D:6      | You fall into a shaft and drop 1 floor!
  7691 | D:7      | Noticed Menkaure
  7713 | D:7      | Killed Menkaure
  7978 | D:7      | Reached skill level 6 in Fighting
  7978 | D:7      | Reached XP level 9. HP: 61/73 MP: 13/13
  8102 | D:7      | Reached skill level 5 in Armour
  8216 | D:7      | You add the spells Conjure Flame, Ignite Poison and Sticky
                  | Flame to your library.
  8432 | D:6      | You pick up a book of Geomancy and begin reading...
  8432 | D:6      | You add the spells Sandblast, Passwall and Stone Arrow to
                  | your library.
  8460 | D:6      | Reached skill level 5 in Shields
  8476 | D:6      | Found a staircase to the Ecumenical Temple.
  8993 | D:6      | You pick up a book of Maledictions and begin reading...
  8993 | D:6      | You add the spells Tukima's Dance, Anguish and Enfeeble to
                  | your library.
  9094 | Temple   | Entered the Ecumenical Temple
  9251 | Temple   | Became a worshipper of Qazlal Stormbringer
  9771 | D:7      | Found a shimmering altar of Xom.
  9844 | D:7      | Reached skill level 3 in Evocations
 10034 | D:8      | Reached skill level 3 in Dodging
 10038 | D:8      | Reached skill level 6 in Axes
 10295 | D:8      | Identified a +2 robe of the Archmagi
 11061 | D:8      | HP: 25/103 [wight/+2 scimitar (9)]
 11066 | D:8      | HP: 9/67 [wight/+2 scimitar (7)]
 11108 | D:8      | HP: 11/65 [wight/+2 scimitar (3)]
 11449 | D:5      | Killed Sigmund
 11576 | D:8      | Reached * piety under Qazlal
 11860 | D:9      | Reached XP level 10. HP: 66/77 MP: 15/15
 11970 | D:9      | HP: 19/78 [orc wizard/+0 dagger (2)]
 11978 | D:9      | HP: 19/78 [orc/+0 trident (2)]
 11981 | D:9      | HP: 6/78 [orc/+0 trident (6)]
 12427 | D:8      | Reached skill level 7 in Fighting
 12619 | D:8      | Reached skill level 4 in Spellcasting
 12879 | D:8      | HP: 21/84 [yak (7)]
 13224 | D:8      | Reached skill level 4 in Evocations
 13232 | D:8      | Reached skill level 6 in Armour
 13635 | D:9      | Reached skill level 6 in Shields
 14145 | D:10     | Entered Level 10 of the Dungeon
 14145 | D:10     | Found a portal to a secret trove of treasure.
 14624 | D:10     | Reached ** piety under Qazlal
 14766 | D:10     | Reached skill level 7 in Axes
 15279 | D:10     | Found an ancient bone altar of Kikubaaqudgha.
 15842 | D:10     | This portal proclaims the superiority of the material over
                  | the divine; those who enter it will find they have lost all
                  | favour with their chosen deity. Enter anyway?
 15843 | Trove    | Entered a treasure trove
 15845 | Trove    | Found the +6 lightning scales {swift, rElec}
 15847 | Trove    | Found the +2 hood of the Assassin {Detection Stab+ Stlth++}
 15850 | Trove    | Identified the +8 ring mail of the Saving Quests {Dex+5
                  | Slay+2}
 15854 | Trove    | Identified the +13 plate armour of Good Intentions {rF-
                  | Will+ rCorr Int+5}
 15856 | Trove    | Identified the +0 barding "Dutzih" {Harm}
 15861 | Trove    | Identified the +0 barding of the Stallion {rCorr Str+4}
 15875 | Trove    | Identified the +1 pair of gloves "Luexitz" {-Cast Rampage
                  | Dex+2 SInv}
 15940 | Trove    | Identified the quicksilver dragon scales of Zin {Will+
                  | rCorr}
 15965 | Trove    | Identified the +0 kite shield of Cemyzuts {Str+4 Slay+3}
 16002 | D:10     | Learned a level 1 spell: Magic Dart
 16068 | D:10     | Noticed a two-headed ogre
 16077 | D:10     | Killed a two-headed ogre
 16130 | D:10     | Reached skill level 5 in Evocations
 16130 | D:10     | Reached XP level 11. HP: 78/92 MP: 17/17
 16139 | D:10     | Reached skill level 4 in Dodging
 16142 | D:10     | Reached skill level 8 in Fighting
 16437 | D:10     | Found a staircase to the Orcish Mines.
 16985 | D:11     | Found a staircase to the Lair.
 17377 | D:11     | Noticed a boulder beetle
 17401 | D:11     | Killed a boulder beetle
 17796 | D:11     | Noticed a two-headed ogre
 17805 | D:11     | Killed a two-headed ogre
 17806 | D:11     | Reached skill level 7 in Armour
 17806 | D:11     | Reached skill level 5 in Spellcasting
 17902 | D:11     | Reached skill level 8 in Axes
 17902 | D:11     | Reached skill level 7 in Shields
 18073 | Lair:1   | Entered Level 1 of the Lair of Beasts
 18089 | Lair:1   | Identified a scroll of acquirement
 18089 | Lair:1   | Acquired a manual of Axes
 18119 | Lair:1   | Found a gate leading to a gauntlet.
 18128 | Gauntlet | Entered a Gauntlet
 18128 | Gauntlet | Found a transporter.
 18128 | Gauntlet | Found a transporter.
 18133 | Gauntlet | Found a transporter.
 18148 | Gauntlet | Found a transporter.
 18150 | Gauntlet | Noticed a death scarab
 18164 | Gauntlet | Found a transporter.
 18177 | Gauntlet | Found a transporter.
 18254 | Gauntlet | Found a transporter.
 18268 | Gauntlet | Found a transporter.
 18282 | Gauntlet | Found a transporter.
 18295 | Gauntlet | Found a transporter.
 18379 | Gauntlet | Found a transporter.
 18379 | Gauntlet | Noticed a tengu warrior
 18382 | Gauntlet | Noticed a wizard
 18389 | Gauntlet | Found a transporter.
 18396 | Gauntlet | Found a transporter.
 18398 | Gauntlet | Found a transporter.
 18398 | Gauntlet | Found a transporter.
 18434 | Gauntlet | Found a transporter.
 18693 | Gauntlet | Reached skill level 1 in Invocations
 18693 | Gauntlet | Reached skill level 6 in Evocations
 18780 | Gauntlet | Identified the +0 cloak of Untruth {Will+ Regen+ Slay+3}
 18815 | Gauntlet | Identified the +4 short sword "Ohewaqe" {antimagic, rC+
                  | Dex+3}
 18815 | Gauntlet | Noticed a minotaur
 18827 | Gauntlet | Killed a minotaur
 18858 | Gauntlet | Identified the +4 leather armour of Piujits {rN++ Int+4}
 18859 | Gauntlet | You add the spells Scorch, Spider Form and Fireball to your
                  | library.
 18859 | Gauntlet | Got Fiucy's Reference Book on Burning Contamination
 18919 | Lair:1   | Noticed a seven-headed hydra
 18936 | Lair:1   | Killed a seven-headed hydra
 18937 | Lair:1   | Reached XP level 12. HP: 96/100 MP: 18/20
 19005 | Lair:1   | Reached skill level 9 in Axes
 19050 | Lair:1   | Noticed an eight-headed hydra
 19056 | Lair:1   | Killed an eight-headed hydra
 19057 | Lair:1   | Reached skill level 9 in Fighting
 19057 | Lair:1   | Reached skill level 2 in Invocations
 19445 | Lair:1   | Noticed a five-headed hydra
 19459 | Lair:1   | Killed a five-headed hydra
 19462 | Lair:1   | You pick up a book of Death and begin reading...
 19462 | Lair:1   | You add the spells Animate Dead, Haunt and Infestation to
                  | your library.
 20029 | Lair:2   | Reached skill level 10 in Axes
 20047 | Lair:2   | Reached skill level 5 in Dodging
 20080 | Lair:2   | You pick up a book of Spectacle and begin reading...
 20080 | Lair:2   | You add the spells Dazzling Flash, Iskenderun's Mystic
                  | Blast and Starburst to your library.
 20118 | Lair:2   | Noticed a death yak
 20130 | Lair:2   | Killed a death yak
 20131 | Lair:2   | Reached skill level 8 in Armour
 20131 | Lair:2   | Reached skill level 8 in Shields
 20131 | Lair:2   | Reached skill level 3 in Invocations
 20131 | Lair:2   | Reached skill level 7 in Evocations
 20251 | Lair:2   | Reached skill level 6 in Spellcasting
 20319 | Lair:2   | You pick up a book of the Moon and begin reading...
 20319 | Lair:2   | You add the spells Passage of Golubria, Silence and
                  | Lehudib's Crystal Spear to your library.
 20589 | Lair:2   | Found a staircase to the Swamp.
 20634 | Lair:2   | Reached XP level 13. HP: 110/110 MP: 20/22
 20645 | Lair:2   | You pick up a book of Burglary and begin reading...
 20645 | Lair:2   | You add the spells Ensorcelled Hibernation and Swiftness to
                  | your library.
 20905 | Lair:3   | Reached skill level 10 in Fighting
 20942 | Lair:3   | Found a frozen archway.
 20948 | IceCv    | Entered an ice cave
 20960 | IceCv    | Reached *** piety under Qazlal
 21144 | IceCv    | Reached skill level 11 in Axes
 21191 | IceCv    | Reached **** piety under Qazlal
 21545 | Lair:3   | Reached skill level 4 in Invocations
 21626 | Lair:3   | Found a staircase to the Snake Pit.
 21926 | Lair:3   | Reached ***** piety under Qazlal
 22284 | Lair:4   | Reached skill level 8 in Evocations
 22691 | Lair:4   | Reached skill level 9 in Armour
 22702 | Lair:4   | Reached skill level 12 in Axes
 23030 | Lair:5   | Reached skill level 9 in Shields
 23048 | Lair:5   | Reached XP level 14. HP: 107/118 MP: 19/23
 23119 | Lair:5   | Reached ****** piety under Qazlal
 23139 | Lair:5   | Reached skill level 5 in Invocations
 23144 | Lair:5   | Reached skill level 11 in Fighting
 23317 | Lair:5   | Noticed Nessos
 23327 | Lair:5   | Killed Nessos
 23446 | Lair:5   | You pick up a book of Changes and begin reading...
 23446 | Lair:5   | You add the spells Beastly Appendage and Wereblood to your
                  | library.
 23453 | Lair:5   | You pick up a book of Fire and begin reading...
 23474 | Lair:5   | Reached skill level 6 in Dodging
 24064 | Lair:5   | Found a viscous altar of Jiyva.
 24064 | Lair:5   | Found a staircase to the Slime Pits.
 24179 | Lair:6   | Entered Level 6 of the Lair of Beasts
 24248 | Lair:6   | HP: 21/120 [dire elephant (18)]
 24251 | Lair:6   | Reached skill level 9 in Evocations
 24252 | Lair:6   | Reached skill level 7 in Spellcasting
 24253 | Lair:6   | HP: 19/120 [poisoned by a cane toad]
 24399 | Lair:6   | Reached skill level 13 in Axes
 25338 | D:12     | Found a runed translucent gate.
 25338 | D:12     | Found a runed translucent gate.
 25338 | D:12     | Found a runed translucent gate.
 25341 | D:12     | Noticed duchin's ghost (journeyman MiGl)
 25342 | D:12     | Identified the +1 chain mail of Pathos {rN+++ Str+3 Dex-2
                  | Stlth+}
 25347 | D:12     | Identified the +9 flail "Ucapawes" {elec, Fly rElec Will-}
 25359 | D:12     | Noticed Jorgrun
 25368 | D:12     | Killed Jorgrun
 25558 | D:12     | Reached XP level 15. HP: 119/128 MP: 21/25
 25615 | D:12     | Identified the +10 scythe of Greatest Utility {drain, rC+}
 25615 | D:12     | Noticed a frost giant
 25615 | D:12     | Noticed a frost giant
 25615 | D:12     | Noticed a fire giant
 25616 | D:12     | Found a runed translucent door.
 25618 | D:12     | Identified the +5 quarterstaff of Debt {venom, +Blink rF+
                  | Str+3 SInv}
 25730 | D:12     | Killed duchin's ghost
 25731 | D:12     | Reached skill level 6 in Invocations
 25749 | D:12     | Identified the +0 helmet of Inaction {rC- Str+5 SInv}
 25812 | D:12     | Killed a fire giant
 25819 | D:12     | Killed a frost giant
 25820 | D:12     | Reached skill level 10 in Armour
 25832 | D:12     | HP: 25/118 [frost giant/bolt of cold (8)]
 25837 | D:12     | HP: 5/117 [frost giant/the +10 scythe of Greatest Utility
                  | {drain, rC+} (23)]
 25837 | D:12     | Mangled by a frost giant

Vanquished Creatures
  Jorgrun (D:12)
  A fire giant (D:12)
  Nessos (Lair:5)
  A dire elephant (Lair:6)
  A minotaur (Gauntlet)
  The ghost of duchin the Cleaver, a journeyman MiGl of Qazlal (D:12)
  An ettin (D:12)
  A yaktaur captain (D:12)
  8 hydras
  2 boulder beetles
  A merfolk avatar (Lair:6)
  5 death yaks
  A catoblepas (Lair:6)
  A death knight (D:12)
  3 two-headed ogres
  2 tengu warriors (D:12)
  A deep troll earth mage (D:12)
  A sea snake (Lair:6)
  A flayed ghost (D:12)
  A glowing orange brain (shapeshifter) (D:12)
  2 bog bodies (IceCv)
  2 harpies (Lair:6)
  2 manticores
  2 cyclopes (D:11)
  A moth of wrath (Gauntlet)
  11 elephants
  2 torpor snails
  3 centaur zombies
  5 black mambas
  An ice statue (IceCv)
  17 cane toads
  An unseen horror (D:11)
  8 rime drakes
  A freezing wraith (IceCv)
  9 komodo dragons
  An entropy weaver simulacrum (IceCv)
  2 queen bees
  2 hornets (Lair:6)
  3 meliai (Lair:5)
  9 polar bears
  4 slime creatures (D:12)
  24 blink frogs
  8 flying skulls (Gauntlet)
  Sigmund (D:5)
  A wraith (D:12)
  4 wyverns
  70 yaks
  Eustachio (D:4)
  7 basilisks
  Menkaure (D:7)
  2 steam dragons
  Edmund (D:4)
  3 death yak simulacra (IceCv)
  3 swamp worms (Lair:5)
  An acid dragon (D:11)
  13 water moccasins
  6 black bears
  7 orc warriors
  2 ice beasts (D:6)
  A sky beast (D:5)
  25 wolves
  4 ogres
  3 necrophages
  9 centaurs
  A phantom (D:5)
  12 bullfrogs
  2 kobold brigands
  Blork the orc (D:4)
  A gnoll sergeant (D:6)
  9 two-headed ogre simulacra (IceCv)
  4 scorpions
  3 cane toad simulacra (IceCv)
  A wyvern skeleton (D:6)
  A water moccasin zombie (D:6)
  2 elephant simulacra (IceCv)
  A water moccasin skeleton (D:5)
  37 killer bees
  9 wights
  2 howler monkeys (D:9)
  An electric eel (Lair:4)
  A bullfrog zombie (D:5)
  5 hounds
  4 jellies
  9 orc priests
  3 iguanas
  22 orc wizards
  A polar bear simulacrum (IceCv)
  3 spriggan simulacra (IceCv)
  6 troll simulacra (IceCv)
  2 killer bee zombies
  A wolf simulacrum (IceCv)
  7 gnolls
  4 howler monkey zombies
  2 howler monkey skeletons
  4 naga simulacra (IceCv)
  A river rat (Lair:5)
  5 adders
  9 white imps
  5 ufetubi
  5 dart slugs
  38 orcs
  2 bats (D:1)
  8 endoplasms
  6 giant cockroaches (D:1)
  18 goblins
  4 hobgoblins
  2 jackals (D:1)
  6 quokkas
  15 ball pythons
  5 frilled lizards
  15 kobolds
  7 rats
  4 butterflies
636 creatures vanquished.

Vanquished Creatures (collateral kills)
  A wyvern (Lair:1)
  A necrophage (D:7)
  2 bullfrogs (Lair:1)
  A killer bee zombie (D:7)
  A mummy (D:7)
6 creatures vanquished.

Vanquished Creatures (others)
  A frost giant (D:12)
  2 killer bees (Gauntlet)
  A howler monkey zombie (D:7)
  3 demonic plants (Gauntlet)
  32 fungi
  52 plants
91 creatures vanquished.

Grand Total: 733 creatures vanquished

Table legend:
 A = Non-vault XP
 B = Vault XP
 C = Vault XP percentage of total XP
 D = Non-vault monster count
 E = Vault monster count
 F = Vault count percentage of total count
                 A         B        C        D         E       F
            +---------+---------+-------+---------+---------+-------
      Total |   64657 |   48390 |  42.8 |     396 |     244 |  38.1
            +---------+---------+-------+---------+---------+-------
        D:1 |      64 |       0 |   0.0 |      35 |       0 |   0.0
        D:2 |      61 |       0 |   0.0 |      19 |       0 |   0.0
        D:3 |     111 |       2 |   1.8 |      23 |       1 |   4.2
        D:4 |     508 |     496 |  49.4 |      15 |       6 |  28.6
        D:5 |    1078 |     359 |  25.0 |      19 |      10 |  34.5
        D:6 |     713 |       0 |   0.0 |       9 |       0 |   0.0
        D:7 |     504 |     573 |  53.2 |      18 |       8 |  30.8
        D:8 |    2141 |       0 |   0.0 |      23 |       0 |   0.0
        D:9 |     975 |       0 |   0.0 |      26 |       0 |   0.0
       D:10 |    3494 |    1313 |  27.3 |      30 |      23 |  43.4
       D:11 |    4335 |       0 |   0.0 |       9 |       0 |   0.0
       D:12 |    4593 |    9888 |  68.3 |       9 |      20 |  69.0
     Lair:1 |    4633 |    2425 |  34.4 |      14 |      14 |  50.0
     Lair:2 |   12308 |       0 |   0.0 |      45 |       0 |   0.0
     Lair:3 |    5200 |    1854 |  26.3 |      15 |       9 |  37.5
     Lair:4 |    8705 |       0 |   0.0 |      41 |       0 |   0.0
     Lair:5 |    3763 |   13467 |  78.2 |      13 |      66 |  83.5
     Lair:6 |   11471 |    9175 |  44.4 |      33 |      20 |  37.7
      IceCv |       0 |    4635 | 100.0 |       0 |      48 | 100.0
   Gauntlet |       0 |    4203 | 100.0 |       0 |      19 | 100.0
            +---------+---------+-------+---------+---------+-------

Illustrated notes

Table legend:
 A = Kills in this place as a percentage of kills in entire the game.
 B = Kills by you in this place as a percentage of kills by you in the entire game.
 C = Kills by friends in this place as a percentage of kills by friends in the entire game.
 D = Other kills in this place as a percentage of other kills in the entire game.
 E = Experience gained in this place as a percentage of experience gained in the entire game.
 F = Experience gained in this place divided by the number of levels of this place that you have seen.
                   A       B       C       D       E      F
               +-------+-------+-------+-------+-------+----------------------
         Total | 100.0 | 100.0 | 100.0 | 100.0 | 100.0 | 5138.5
       Dungeon |  47.3 |  47.3 |  50.0 |  50.0 |  27.6 | 2600.7
          Lair |  42.2 |  42.2 |  50.0 |   0.0 |  64.6 | 12166.8
      Ice Cave |   7.5 |   7.6 |   0.0 |   0.0 |   4.1 | 4635.0
      Gauntlet |   3.0 |   2.8 |   0.0 |  50.0 |   3.7 | 4203.0
               +-------+-------+-------+-------+-------+----------------------

Table legend: (Time is in decaauts)
 A = Elapsed time spent in this place.
 B = Non-inter-level travel time spent in this place.
 C = Inter-level travel time spent in this place.
 D = Time resting spent in this place.
 E = Time spent auto-exploring this place.
 F = Levels seen in this place.
 G = Mean time per level.
                   A        B        C        D        E       F      G
               +--------+--------+--------+--------+--------+-----+--------+
         Total |  25882 |  24047 |   1835 |   3923 |  13964 |  22 | 1176.5 |
       Dungeon |  18561 |  17082 |   1479 |   3828 |   9487 |  12 | 1546.8 |
        Temple |    167 |    142 |     25 |      0 |    126 |   1 |  167.0 |
          Lair |   5717 |   5386 |    331 |     86 |   3699 |   6 |  952.8 |
         Trove |    134 |    134 |      0 |      0 |     11 |   1 |  134.0 |
      Ice Cave |    546 |    546 |      0 |      0 |    253 |   1 |  546.0 |
      Gauntlet |    753 |    753 |      0 |      9 |    388 |   1 |  753.0 |
               +--------+--------+--------+--------+--------+-----+--------+

Top non-repeatable levels by time:
     D:7: 2582 daAuts
     D:4: 2250 daAuts
    D:10: 2092 daAuts
     D:8: 1743 daAuts
     D:3: 1609 daAuts
     D:2: 1591 daAuts
     D:9: 1451 daAuts
  Lair:5: 1274 daAuts
     D:1: 1273 daAuts
    D:11: 1259 daAuts
     D:5: 1161 daAuts
     D:6: 1053 daAuts
  Lair:1: 1048 daAuts
  Lair:2: 980 daAuts
  Lair:6: 897 daAuts
